 Dungeon Crawl Stone Soup version 0.20.0-10-g0535bb4 (webtiles) character file.

234 maniacrov the Cudgeler (level 5, -5/45 HPs)
             Began as a Minotaur Gladiator on June 4, 2017.
             Was a Follower of Zin.
             Slain by an orc priest (6 damage)
             ... on level 5 of the Dungeon.
             The game lasted 00:11:18 (2505 turns).

maniacrov the Cudgeler (Minotaur Gladiator)         Turns: 2505, Time: 00:11:19

Health: -5/45      AC:  4    Str: 17 (19) XL:     5   Next: 75%
Magic:  4/4        EV: 13    Int:  3 (5)  God:    Zin [*.....]
Gold:   90         SH:  0    Dex:  9 (12) Spells: 4/4 levels left

rFire    . . .     SeeInvis .   m - +0 mace
rCold    . . .     Gourm    .   (no shield)
rNeg     . . .     Faith    .   b - +0 leather armour
rPois    .         Spirit   .   c - +0 hat
rElec    .         Reflect  .   e - +0 cloak
rCorr    .         Harm     .   (no gloves)
MR       .....                  (no boots)
Stlth    +.........             (no amulet)
Regen    0.2/turn               (no ring)
MPRegen  0.1/turn               (no ring)

@: lethally poisoned (-5 -> -20)
A: retaliatory headbutt, horns 2
a: Recite, Donate Gold, Renounce Religion


You were on level 5 of the Dungeon.
You worshipped Zin.
Zin was aware of your devotion.
You were not hungry.

You visited 1 branch of the dungeon, and saw 5 of its levels.

You collected 150 gold pieces.
You donated 60 gold pieces to Zin.

Inventory:

Hand Weapons
 m - a +0 mace (weapon)
Missiles
 n - 45 stones (quivered)
Armour
 b - a +0 leather armour (worn)
 c - a +0 hat (worn)
 e - a +0 cloak (worn)
Jewellery
 i - a cursed ring of loudness {unknown}
 o - an uncursed ring of see invisible {unknown}
Wands
 h - a wand of lightning (7/15)
Scrolls
 d - a scroll of teleportation
 j - a scroll of recharging
 k - a scroll of remove curse
Potions
 a - a potion of curing {unknown}
Comestibles
 f - 2 bread rations
 g - 4 royal jellies
 l - 4 fruits


   Skills:
 + Level 3.5 Fighting
 + Level 5.4 Maces & Flails
 + Level 2.2 Throwing
 + Level 2.9 Armour
 + Level 4.4 Dodging
 + Level 0.3 Stealth


You had 4 spell levels left.
You didn't know any spells.

Dungeon Overview and Level Annotations

Branches:
Dungeon (5/15)
 Temple: D:4-7

Altars:
Okawaru
Qazlal
Zin

Annotations:
D:5 Grinder


Innate Abilities, Weirdness & Mutations

You reflexively headbutt those who attack you in melee.
You have a pair of horns on your head.


Message History

The adder closely misses you. The orc wizard barely misses you.
The hound closely misses you.
The orc wizard gestures at you while chanting.
The puff of frost hits you! Zin protects you from harm!
The orc priest barely misses you.
The orc wizard miscasts a cantrip.
You barely miss the orc wizard. Your headbutt misses the orc wizard.
* * * LOW HITPOINT WARNING * * *
You feel sick. The adder bites you but does no damage.
The orc wizard gestures at you while chanting.
The magic dart hits you! Zin protects you from harm!
The hound closely misses you.
The orc wizard hits you but does no damage.
The orc wizard hits you with a dagger of venom.
* * * LOW HITPOINT WARNING * * *
You are more poisoned.
The orc priest hits you.
You die...

#.#. ##.#.####
.##.......#
..........# ##
##........##..h
......o...?..
#.....5..#
###..Sooo.#
.....oo@h.#
######S#### #.
#. ##


You could see Grinder, a hound, an orc priest, 4 orc wizards, 2 adders and an
orc.

Vanquished Creatures
  A howler monkey (D:4)
  An orc wizard (D:4)
  An iguana (D:4)
  A worker ant (D:4)
  4 adders
  An adder skeleton (D:4)
  3 worms
  A leopard gecko (D:4)
  4 orcs
  10 bats
  4 giant cockroaches
  11 goblins
  4 hobgoblins
  3 jackals (D:2)
  2 quokkas
  7 frilled lizards
  5 kobolds
  A quokka skeleton (D:4)
  6 rats
70 creatures vanquished.

Notes
Turn   | Place    | Note
-------+----------+-------------------------------------------
     0 | D:1      | maniacrov the Minotaur Gladiator began the quest for the Orb.
     0 | D:1      | Reached XP level 1. HP: 18/18 MP: 0/0
   198 | D:1      | Reached XP level 2. HP: 9/25 MP: 1/1
   603 | D:2      | Reached skill level 4 in Maces & Flails
   603 | D:2      | Reached skill level 1 in Armour
   672 | D:2      | Reached XP level 3. HP: 28/30 MP: 2/2
  1367 | D:2      | Reached XP level 4. HP: 37/37 MP: 3/3
  1412 | D:3      | Found a glowing silver altar of Zin.
  1460 | D:3      | Became a worshipper of Zin the Law-Giver
  1461 | D:3      | Donated 45 gold pieces to Zin
  1549 | D:3      | Reached * piety under Zin
  1803 | D:4      | Found a stormy altar of Qazlal.
  1808 | D:4      | Reached skill level 5 in Maces & Flails
  1808 | D:4      | Reached XP level 5. HP: 11/45 MP: 4/4
  2344 | D:4      | Found an iron altar of Okawaru.
  2497 | D:5      | Entered Level 5 of the Dungeon
  2497 | D:5      | Noticed Grinder
  2498 | D:5      | Paralysed by Grinder for 6 turns
  2504 | D:5      | Zin protects you from harm!
  2505 | D:5      | Zin protects you from harm!
  2505 | D:5      | HP: 1/45 [orc wizard/dagger of venom (2)]
  2505 | D:5      | Slain by an orc priest

Skill      XL: |  1  2  3  4 |
---------------+-------------+-----
Maces & Flails | 4 5 |  5.4
Armour         | 1 2 |  2.9
Dodging        | 4 |  4.4
Fighting       | 3 |  3.5
Throwing       | |  2.2
Stealth        | |  0.3

Action                   |  1- 3 |  4- 6 || total
-------------------------+-------+-------++-------
Melee: Flail             |    86 |    73 ||   159
       Headbutt          |    12 |    10 ||    22
       Mace              |       |     2 ||     2
Throw: Throwing net      |       |     3 ||     3
Invok: Donate Gold       |       |     1 ||     1
  Use: Scroll            |       |     6 ||     6
       Potion            |       |     5 ||     5
  Eat: Meat ration       |     1 |       ||     1
Armor: Leather armour    |    23 |    19 ||    42
Dodge: Dodged            |    67 |    61 ||   128
